Map: Tours du crépuscule

Players

zidar

  • Race: Zerg Zerg
  • League: Silver
  • Spawn Location: 1:00

nataniel - Winner!

  • Race: Zerg Zerg
  • Spawn Location: 7:00

VOD

Have the link to the VOD?

Description

Time

  • Played on: Jan. 2, 2016, 3:32 p.m.
  • Length: 7:39
Show
View Real Time Build Order
Export as new Build Order

zidar Zerg 

Build Orders: Hatch First 

Get SALT Encoding   

  12  0:02  Drone  
  13  0:12  Overlord  
  13  0:17  Drone  
  14  0:30  Drone x2  
  14  0:34  Drone  
  17  0:56  Hatchery  
  16  0:58  Drone  
  17  1:16  Spawning Pool, Drone  
  17  1:19  Extractor  
  17  1:21  Drone  
  17  1:25  Drone  
  18  1:51  Overlord  
  18  1:53  Drone x2  
  20  2:07  Drone  
  21  2:14  Queen  
  22  2:16  Queen  
  22  2:21  Zergling x4  
  22  2:22  Zergling x2  
  27  2:30  Zergling x2  
  27  2:36  Zergling x2  
  29  2:37  Zergling x2  
  30  2:50  Zergling x4  
  32  3:08  Zergling x2  
  32  3:09  Zergling x6  
  36  3:22  Metabolic Boost  
  36  3:38  Evolution Chamber  
  35  3:44  Roach Warren  
  30  4:24  Roach x3  
  32  4:41  Zergling x8  
  32  5:01  Overlord x3  
  32  5:03  Overlord  
  32  5:12  Roach  
  32  5:13  Roach  
  36  5:21  Roach x11  
  54  6:13  Roach x5  
  54  6:18  Hatchery  
  43  6:57  Roach  
  43  6:58  Roach x4  
  41  7:30  Extractor  
Show
View Real Time Build Order
Export as new Build Order

nataniel Zerg - Winner!

Build Orders: Pool First 

Get SALT Encoding   

  12  0:03  Drone  
  13  0:15  Drone  
  13  0:20  Overlord  
  14  0:39  Spawning Pool  
  14  0:40  Drone  
  14  0:41  Drone  
  15  0:51  Drone  
  15  0:52  Drone  
  17  1:20  Hatchery  
  17  1:21  Drone  
  17  1:23  Drone  
  18  1:31  Queen  
  20  1:48  Extractor  
  20  1:50  Drone  
  20  2:00  Drone  
  21  2:03  Drone  
  22  2:31  Queen, Overlord x3  
  24  2:46  Hatchery  
  24  2:48  Drone x3  
  26  3:04  Drone x3  
  28  3:13  Metabolic Boost  
  28  3:18  Zergling x2  
  28  3:19  Zergling x6  
  32  3:40  Baneling Nest  
  31  3:51  Zergling x2  
  31  3:52  Zergling x12  
  38  4:01  Zergling x8  
  36  4:21  Queen  
  32  4:29  Zergling x2  
  32  4:30  Zergling x12  
  31  4:44  Zergling x2  
  31  4:45  Zergling x2  
  32  4:56  Baneling  
  32  4:58  Baneling  
  32  5:11  Lair  
  32  5:14  Hatchery  
  31  5:24  Zergling x2  
  31  5:25  Zergling x16  
  39  5:36  Baneling  
  39  5:37  Baneling  
  39  5:40  Drone x2  
  41  5:59  Drone x4  
  41  6:00  Drone x4  
  49  6:13  Roach Warren  
  49  6:16  Extractor  
  47  6:19  Baneling x2  
  47  6:25  Zergling x8  
  44  6:43  Zergling x2  
  44  6:44  Zergling x16  
  46  6:51  Zergling x2  
  46  6:52  Zergling x2  
  46  7:04  Roach  
  46  7:05  Roach x2  
Tags
 
Add a new tag
Caveats
  • Supply blocks, unpowered buildings, or Contaminate may cause inaccurate times.
  • Supply counts are checked every 10 seconds.